 Dungeon Crawl Stone Soup version 0.31-a0-233-g139696dc86 (webtiles) character file.

Game seed: 10551746392715667096

21 Tocho the Chopper (level 2, 0/29 HPs)
             Began as an Ogre Reaver on July 9, 2023.
             Slain by a goblin
             ... wielding a +0 whip
              (3 damage)
             ... on level 2 of the Dungeon.
             The game lasted 00:01:19 (779 turns).

Tocho the Chopper (Ogre Reaver)                      Turns: 779, Time: 00:01:20

Health: 0/29       AC:  3    Str: 15    XL:     2   Next: 87%
Magic:  5/5        EV:  9    Int: 14    God:
Gold:   83         SH:  0    Dex:  7    Spells: 5/6 levels left

rFire   . . .        a - +0 hand axe (heavy)
rCold   . . .        (no shield)
rNeg    . . .        b - +0 robe
rPois   .            (helmet restricted)
rElec   .            (no cloak)
rCorr   .            (gloves unavailable)
SInv    .            (boots unavailable)
Will    .....        (no amulet)
Stlth   +            (no ring)
HPRegen 0.24/turn    (no ring)
MPRegen 0.09/turn

%: no passive effects
@: no status effects
A: large, unfitting armour, tough skin 1
a: no special abilities


You were on level 2 of the Dungeon.
You visited 1 branch of the dungeon, and saw 2 of its levels.

You collected 83 gold pieces.

Inventory:

Hand Weapons
 a - a +0 heavy hand axe (weapon)
Armour
 b - a +0 robe (worn)
Potions
 c - 2 potions of mutation {unknown}
 e - a potion of heal wounds {unknown}
 f - 2 potions of degeneration {unknown}
 g - a potion of attraction {unknown}


   Skills:
 + Level 2.8 Fighting
 + Level 3.5 Axes
 + Level 1.8 Dodging
 + Level 2.6 Spellcasting
 + Level 2.9 Conjurations


You had 5 spell levels left.
You knew the following spells:

 Your Spells              Type           Power      Damage    Failure   Level
a - Kiss of Death         Conj/Necr      20%        2d7       12%         1

Your spell library contained the following spells:

 Spells                   Type           Power      Damage    Failure   Level
 Momentum Strike          Conj/Tloc      10%        3d8       19%         2
 Hailstorm                Conj/Ice       5%         3d4       36%         3


Dungeon Overview and Level Annotations

Branches:
Dungeon (2/15)

Altars:

Annotations:
D:1 1 transporter


Innate Abilities, Weirdness & Mutations

You are too large for most types of armour.
You have tough skin. (AC +1)


Message History

No target in view!
No target in view!
No target in view!
No target in view!
A goblin comes into view. It is wielding a +0 whip.
A goblin is nearby!
The goblin shouts!
The goblin unwields a +0 whip.
The goblin wields a +0 sling.
The goblin shoots a sling bullet.
The sling bullet hits you.
The goblin shoots a sling bullet.
The sling bullet hits you.
Found a stone staircase leading up.
The goblin shoots a sling bullet.
The sling bullet closely misses you.
Found a leather armour.
The goblin shoots a sling bullet.
The sling bullet hits you.
The goblin shoots a sling bullet.
The sling bullet barely misses you.
The goblin unwields a +0 sling.
The goblin wields a +0 whip.
The goblin hits you with a +0 whip.
You are too injured to fight recklessly!
You are too injured to fight recklessly!
You are too injured to fight recklessly!
You are too injured to fight recklessly!
You are too injured to fight recklessly!
You are too injured to fight recklessly!
You are too injured to fight recklessly!
You are too injured to fight recklessly!
You are too injured to fight recklessly!
You barely miss the goblin. The goblin barely misses you.
You barely miss the goblin. The goblin hits you with a +0 whip.
The goblin barely misses you.
You barely miss the goblin. The goblin barely misses you.
You miss the goblin. The goblin hits you with a +0 whip.
* * * LOW HITPOINT WARNING * * *
The goblin hits you with a +0 whip.
* * * LOW HITPOINT WARNING * * *
You closely miss the goblin. The goblin barely misses you.
The goblin hits you with a +0 whip.
* * * LOW HITPOINT WARNING * * *
You completely miss the goblin. The goblin hits you but does no damage.
The goblin hits you with a +0 whip.
You die...

.. #. .# .##. #.# .##
... ..# ...#
####..####.####
#..##.....#.......#
#..#.# #.#.......# #.#.#
#....g....#
##...####..@.....#
###................#
####.......)###.........
........[..)............
...#....######......<[#.
##...##..... ..#.######
..>##...####......
.<....### #.......
...####


You could see a goblin.

Vanquished Creatures
  4 ball pythons (D:1)
  2 bats (D:1)
  4 endoplasms
  2 goblins
  A hobgoblin (D:1)
  3 kobolds (D:1)
  3 rats (D:1)
19 creatures vanquished.

Notes
Turn   | Place    | Note
-------+----------+-------------------------------------------
     0 | D:1      | Tocho the Ogre Reaver began the quest for the Orb.
     0 | D:1      | Reached XP level 1. HP: 22/22 MP: 3/3
   181 | D:1      | Reached XP level 2. HP: 26/29 MP: 5/5
   779 | D:2      | Slain by a goblin

Illustrated notes

Levels and vault maps discovered:
D:1:      spicycebolla_arrival_risky_transporter, layout_basic
D:2:      layout_rooms

Action                     || total
---------------------------++-------
  Melee: Hand axe          ||    62
    Use: Scroll            ||     3
 Armour: Robe              ||    22
  Dodge: Dodged            ||    32

Table legend: (Time is in decaauts)
 A = Elapsed time spent in this place.
 B = Non-inter-level travel time spent in this place.
 C = Inter-level travel time spent in this place.
 D = Time resting spent in this place.
 E = Time spent auto-exploring this place.
 F = Levels seen in this place.
 G = Mean time per level.
                   A        B        C        D        E       F      G
               +--------+--------+--------+--------+--------+-----+--------+
         Total |    793 |    783 |     10 |      0 |    625 |   2 |  396.5 |
       Dungeon |    793 |    783 |     10 |      0 |    625 |   2 |  396.5 |
               +--------+--------+--------+--------+--------+-----+--------+

Top non-repeatable levels by time:
     D:1: 739 daAuts
     D:2: 54 daAuts
